TOP OF THE 1ST |
Wilmington Rebels batting - Pitching for Springfield Simpsons : RHP Erwin Entwistle
|
Pitching: RHP Erwin Entwistle
|
|
Batting: SHB Charles Alexander
|
0-0: Ball 1-0: Ball 2-0: Ball 3-0: Called Strike 3-1: SINGLE (Line Drive, 78S)
|
Batting: RHB Jeff Jones
|
0-0: Ball 1-0: Called Strike 1-1: Ball 2-1: Called Strike 2-2: Strikes out swinging
|
Batting: LHB Denny Poole
|
0-0: Called Strike 0-1: Ball 1-1: Ball 2-1: Called Strike 2-2: Strikes out swinging
|
Batting: RHB Vicente Valentín
|
0-0: Swinging Strike 0-1: Ball 1-1: Ball 2-1: Foul Ball, location: 2F 2-2: Strikes out swinging
|
Top of the 1st over - 0 run(s), 1 hit(s), 0 error(s), 1 left on base; Wilmington 0 - Springfield 0 |
BOTTOM OF THE 1ST |
Springfield Simpsons batting - Pitching for Wilmington Rebels : RHP Jim Wilson
|
Pitching: RHP Jim Wilson
|
|
Batting: RHB Nick Harris
|
0-0: Foul Ball, location: 2F 0-1: Ball 1-1: Ball 2-1: Ground out 4-3 (Groundball, 34)
|
Batting: RHB Ken McDonald
|
0-0: Called Strike 0-1: Ground out 5-3 (Groundball, 5)
|
Batting: LHB Tony O'Bryan
|
0-0: Ball 1-0: Swinging Strike 1-1: Ball 2-1: Swinging Strike 2-2: Ball 3-2: Foul Ball, location: 2F 3-2: Base on Balls
|
Batting: RHB Brant Sherman
|
0-0: Called Strike 0-1: Ball 1-1: Swinging Strike 1-2: Strikes out swinging
|
Bottom of the 1st over - 0 run(s), 0 hit(s), 0 error(s), 1 left on base; Wilmington 0 - Springfield 0 |
TOP OF THE 2ND |
Wilmington Rebels batting - Pitching for Springfield Simpsons : RHP Erwin Entwistle
|
Batting: RHB Carlos Ordóñez
|
0-0: Called Strike 0-1: Ball 1-1: SINGLE (Groundball, 56D)
|
Batting: RHB Al Reese
|
0-0: Called Strike 0-1: Swinging Strike 0-2: Ball 1-2: Strikes out swinging
|
Batting: RHB Jessie Thompson
|
0-0: Fly out, F9 (Flyball, 9D)
|
Batting: LHB Tim Bruce
|
0-0: Foul Ball, location: 2F 0-1: Ball 1-1: Foul Ball, location: 2F 1-2: Foul Ball, location: 2F 1-2: Foul Ball, location: 2F 1-2: Fly out, F5 (Popup, 5SF)
|
Top of the 2nd over - 0 run(s), 1 hit(s), 0 error(s), 1 left on base; Wilmington 0 - Springfield 0 |
BOTTOM OF THE 2ND |
Springfield Simpsons batting - Pitching for Wilmington Rebels : RHP Jim Wilson
|
Batting: RHB Gavin Downey
|
0-0: Called Strike 0-1: Swinging Strike 0-2: Ball 1-2: Strikes out swinging
|
Batting: LHB Pedro Cerda
|
0-0: Called Strike 0-1: Fly out, F9 (Flyball, 89M)
|
Batting: SHB Jorge García
|
0-0: Ball 1-0: Called Strike 1-1: Ground out 4-3 (Groundball, 4)
|
Bottom of the 2nd over - 0 run(s), 0 hit(s), 0 error(s), 0 left on base; Wilmington 0 - Springfield 0 |
TOP OF THE 3RD |
Wilmington Rebels batting - Pitching for Springfield Simpsons : RHP Erwin Entwistle
|
Batting: RHB Joey Boyd
|
0-0: Swinging Strike 0-1: Ball 1-1: Ground out 5-3 (Groundball, 56)
|
Batting: SHB Charles Alexander
|
0-0: SINGLE (Groundball, 3D)
|
Batting: RHB Jeff Jones
|
0-0: Foul Ball, location: 2F 0-1: Swinging Strike 0-2: Ball 1-2: Fly out, F9 (Flyball, 8RM)
|
Batting: LHB Denny Poole
|
0-0: Ball 1-0: Ball 2-0: Called Strike 2-1: Called Strike 2-2: Strikes out swinging
|
Top of the 3rd over - 0 run(s), 1 hit(s), 0 error(s), 1 left on base; Wilmington 0 - Springfield 0 |
BOTTOM OF THE 3RD |
Springfield Simpsons batting - Pitching for Wilmington Rebels : RHP Jim Wilson
|
Batting: RHB Danny Crouch
|
0-0: Called Strike 0-1: Called Strike 0-2: Ball 1-2: Foul Ball, location: 2F 1-2: Foul Ball, location: 2F 1-2: Foul Ball, location: 2F 1-2: Ball 2-2: Fly out, F9 (Flyball, 9M)
|
Batting: RHB Kawanari Hara
|
0-0: Ball 1-0: Ball 2-0: Called Strike 2-1: Ball 3-1: Foul Ball, location: 2F 3-2: Foul Ball, location: 2F 3-2: Foul Ball, location: 2F 3-2: Base on Balls
|
Batting: RHB Nick Harris
|
0-0: Called Strike 0-1: Ball 1-1: Foul Ball, location: 2F 1-2: Fly out, F7 (Flyball, 7LM)
|
Batting: RHB Ken McDonald
|
0-0: Ball 1-0: Swinging Strike 1-1: Foul Ball, location: 2F 1-2: Ground out 4-3 (Groundball, 4)
|
Bottom of the 3rd over - 0 run(s), 0 hit(s), 0 error(s), 1 left on base; Wilmington 0 - Springfield 0 |
TOP OF THE 4TH |
Wilmington Rebels batting - Pitching for Springfield Simpsons : RHP Erwin Entwistle
|
Batting: RHB Vicente Valentín
|
0-0: Called Strike 0-1: Ball 1-1: Called Strike 1-2: Strikes out looking
|
Batting: RHB Carlos Ordóñez
|
0-0: Called Strike 0-1: Ball 1-1: Ball 2-1: Called Strike 2-2: DOUBLE (Line Drive, 89XD)
|
Batting: RHB Al Reese
|
0-0: Swinging Strike 0-1: Called Strike 0-2: Strikes out looking
|
Batting: RHB Jessie Thompson
|
0-0: Ground out 6-3 (Groundball, 6)
|
Top of the 4th over - 0 run(s), 1 hit(s), 0 error(s), 1 left on base; Wilmington 0 - Springfield 0 |
BOTTOM OF THE 4TH |
Springfield Simpsons batting - Pitching for Wilmington Rebels : RHP Jim Wilson
|
Batting: LHB Tony O'Bryan
|
0-0: Ball 1-0: Ball 2-0: Called Strike 2-1: Fly out, F8 (Flyball, 8LXD)
|
Batting: RHB Brant Sherman
|
0-0: Foul Ball, location: 2F 0-1: Fly out, F5 (Line Drive, 5)
|
Batting: RHB Gavin Downey
|
0-0: Foul Ball, location: 2F 0-1: Called Strike 0-2: Ball 1-2: Strikes out swinging
|
Bottom of the 4th over - 0 run(s), 0 hit(s), 0 error(s), 0 left on base; Wilmington 0 - Springfield 0 |
TOP OF THE 5TH |
Wilmington Rebels batting - Pitching for Springfield Simpsons : RHP Erwin Entwistle
|
Batting: LHB Tim Bruce
|
0-0: Ball 1-0: Ball 2-0: Foul Ball, location: 2F 2-1: Swinging Strike 2-2: Ball 3-2: Ground out 6-3 (Groundball, 6)
|
Batting: RHB Joey Boyd
|
0-0: Foul Ball, location: 2F 0-1: Called Strike 0-2: Ball 1-2: Strikes out swinging passed ball, reaches first!
|
Batting: SHB Charles Alexander
|
0-0: Called Strike 0-1: Fly out, F7 (Flyball, 7LSF)
|
Batting: RHB Jeff Jones
|
0-0: Called Strike 0-1: Ball 1-1: Ball 2-1: Ball 3-1: Foul Ball, location: 2F 3-2: Foul Ball, location: 2F 3-2: Foul Ball, location: 2F 3-2: Foul Ball, location: 2F 3-2: Strikes out swinging
|
Top of the 5th over - 0 run(s), 0 hit(s), 0 error(s), 1 left on base; Wilmington 0 - Springfield 0 |
BOTTOM OF THE 5TH |
Springfield Simpsons batting - Pitching for Wilmington Rebels : RHP Jim Wilson
|
Batting: LHB Pedro Cerda
|
0-0: Swinging Strike 0-1: Ball 1-1: Ground out 3-1 (Groundball, 34)
|
Batting: SHB Jorge García
|
0-0: Ball 1-0: Ball 2-0: Swinging Strike 2-1: Ground out 3-1 (Groundball, 34)
|
Batting: RHB Danny Crouch
|
0-0: SINGLE (Groundball, 56D)
|
Batting: RHB Kawanari Hara
|
0-0: Swinging Strike 0-1: Ball 1-1: Ball 2-1: Ball 3-1: Foul Ball, location: 2F 3-2: Fly out, F8 (Line Drive, 8LM)
|
Bottom of the 5th over - 0 run(s), 1 hit(s), 0 error(s), 1 left on base; Wilmington 0 - Springfield 0 |
TOP OF THE 6TH |
Wilmington Rebels batting - Pitching for Springfield Simpsons : RHP Erwin Entwistle
|
Batting: LHB Denny Poole
|
0-0: Ball 1-0: Swinging Strike 1-1: Ball 2-1: Swinging Strike 2-2: Ball 3-2: Strikes out swinging
|
Batting: RHB Vicente Valentín
|
0-0: Ball 1-0: Foul Ball, location: 2F 1-1: Ball 2-1: Foul Ball, location: 2F 2-2: Strikes out swinging
|
Batting: RHB Carlos Ordóñez
|
0-0: Ball 1-0: Fly out, F9 (Flyball, 9D)
|
Top of the 6th over - 0 run(s), 0 hit(s), 0 error(s), 0 left on base; Wilmington 0 - Springfield 0 |
BOTTOM OF THE 6TH |
Springfield Simpsons batting - Pitching for Wilmington Rebels : RHP Jim Wilson
|
Batting: RHB Nick Harris
|
0-0: Ball 1-0: Fly out, F7 (Flyball, 7LM)
|
Batting: RHB Ken McDonald
|
0-0: Fly out, F7 (Popup, 56D)
|
Batting: LHB Tony O'Bryan
|
0-0: Foul Ball, location: 2F 0-1: Fly out, F8 (Flyball, 8LD)
|
Bottom of the 6th over - 0 run(s), 0 hit(s), 0 error(s), 0 left on base; Wilmington 0 - Springfield 0 |
TOP OF THE 7TH |
Wilmington Rebels batting - Pitching for Springfield Simpsons : RHP Erwin Entwistle
|
Pinch Hitting: LHB Chandler Hubbard
|
0-0: Swinging Strike 0-1: Foul Ball, location: 2F 0-2: Ball 1-2: Ball 2-2: Foul Ball, location: 2F 2-2: Foul Ball, location: 2F 2-2: Foul Ball, location: 2F 2-2: SINGLE (Line Drive, 89S)
|
Pitching: LHP Rubén Rico
|
|
Pinch Runner at 1st Ramón Benítez:
|
|
Batting: RHB Jessie Thompson
|
0-0: Sac Bunt - play at first, batter OUT! 1-4 Ramón Benítez to second
|
Batting: LHB Tim Bruce
|
0-0: Ball 1-0: SINGLE (Line Drive, 5D) Ramón Benítez to third Runner from 3rd tries for Home, SAFE, no throw or cutoff
|
Batting: RHB Joey Boyd
|
0-0: Ball 1-0: Ball 2-0: Called Strike 2-1: Foul Ball, location: 2F 2-2: SINGLE (Line Drive, 7S) Tim Bruce to second
|
Batting: SHB Charles Alexander
|
0-0: Swinging Strike 0-1: Ball 1-1: Foul Ball, location: 2F 1-2: Ball 2-2: Strikes out swinging
|
Pinch Hitting: RHB Jackson Gibson
|
0-0: Swinging Strike 0-1: Foul Ball, location: 2F 0-2: DOUBLE (Line Drive, 7LS) Tim Bruce scores Joey Boyd to third
|
Batting: LHB Denny Poole
|
0-0: Ball 1-0: Foul Ball, location: 2F 1-1: SINGLE (Groundball, 4MD) Joey Boyd scores Jackson Gibson to third Runner from 3rd tries for Home, SAFE, no throw or cutoff
|
Pitching: RHP Dave Adams
|
|
Batting: RHB Vicente Valentín
|
0-0: Called Strike 0-1: Ball 1-1: Swinging Strike 1-2: Ball 2-2: Ball 3-2: Strikes out swinging
|
Top of the 7th over - 4 run(s), 5 hit(s), 0 error(s), 1 left on base; Wilmington 4 - Springfield 0 |
BOTTOM OF THE 7TH |
Springfield Simpsons batting - Pitching for Wilmington Rebels : RHP Jim Wilson
|
Now at 3B: Roy MacCluskie
|
|
Now at SS: Stephen Cochran
|
|
Batting: RHB Brant Sherman
|
0-0: SINGLE (Groundball, 4MD)
|
Batting: RHB Gavin Downey
|
0-0: Ball Brant Sherman steals 2nd base 1-0: DOUBLE (Flyball, 7D) Brant Sherman scores
|
Batting: LHB Pedro Cerda
|
0-0: Ground out 4-3 (Groundball, 4) Gavin Downey to third
|
Batting: SHB Jorge García
|
0-0: Foul Ball, location: 2F 0-1: Swinging Strike 0-2: SINGLE (Groundball, 34D) Gavin Downey scores
|
Batting: RHB Danny Crouch
|
0-0: Fly out, F7 (Flyball, 78XD)
|
Batting: RHB Kawanari Hara
|
0-0: Fly out, F2 (Popup, 2LF)
|
Bottom of the 7th over - 2 run(s), 3 hit(s), 0 error(s), 1 left on base; Wilmington 4 - Springfield 2 |
TOP OF THE 8TH |
Wilmington Rebels batting - Pitching for Springfield Simpsons : RHP Dave Adams
|
Batting: RHB Carlos Ordóñez
|
0-0: Ball 1-0: Ground out 5-3 (Groundball, 56)
|
Batting: RHB Stephen Cochran
|
0-0: Ball 1-0: Called Strike 1-1: Swinging Strike 1-2: Foul Ball, location: 2F 1-2: Foul Ball, location: 2F 1-2: Ball 2-2: SINGLE (Line Drive, 7LS)
|
Batting: RHB Jessie Thompson
|
0-0: Grounds into double play, 6-4-3 (Groundball, 6M)
|
Top of the 8th over - 0 run(s), 1 hit(s), 0 error(s), 0 left on base; Wilmington 4 - Springfield 2 |
BOTTOM OF THE 8TH |
Springfield Simpsons batting - Pitching for Wilmington Rebels : RHP Jim Wilson
|
Batting: RHB Nick Harris
|
0-0: Called Strike 0-1: Ball 1-1: Fly out, F5 (Line Drive, 56)
|
Batting: RHB Ken McDonald
|
0-0: Ball 1-0: Foul Ball, location: 2F 1-1: Called Strike 1-2: Ball 2-2: Strikes out swinging
|
Batting: LHB Tony O'Bryan
|
0-0: Ground out U3 (Groundball, 3S)
|
Bottom of the 8th over - 0 run(s), 0 hit(s), 0 error(s), 0 left on base; Wilmington 4 - Springfield 2 |
TOP OF THE 9TH |
Wilmington Rebels batting - Pitching for Springfield Simpsons : RHP Dave Adams
|
Batting: LHB Tim Bruce
|
0-0: Called Strike 0-1: Ball 1-1: Foul Ball, location: 2F 1-2: Foul Ball, location: 2F 1-2: Strikes out swinging
|
Batting: RHB Joey Boyd
|
0-0: Swinging Strike 0-1: Swinging Strike 0-2: Strikes out looking
|
Batting: SHB Charles Alexander
|
0-0: Called Strike 0-1: Swinging Strike 0-2: Strikes out looking
|
Top of the 9th over - 0 run(s), 0 hit(s), 0 error(s), 0 left on base; Wilmington 4 - Springfield 2 |
BOTTOM OF THE 9TH |
Springfield Simpsons batting - Pitching for Wilmington Rebels : RHP Jim Wilson
|
Pitching: RHP Porter Warren
|
|
Batting: RHB Brant Sherman
|
0-0: Foul Ball, location: 2F 0-1: Ball 1-1: Foul Ball, location: 2F 1-2: Foul Ball, location: 2F 1-2: Foul Ball, location: 2F 1-2: SINGLE (Groundball, 6MD)
|
Batting: RHB Gavin Downey
|
0-0: Foul Ball, location: 2F 0-1: Called Strike 0-2: Ball 1-2: Ball 2-2: Ball 3-2: Strikes out swinging
|
Batting: LHB Pedro Cerda
|
0-0: Foul Ball, location: 2F 0-1: Ball 1-1: Fly out, F8 (Flyball, 89M)
|
Pinch Hitting: RHB Manny Ramírez
|
0-0: Ball 1-0: Ball 2-0: Foul Ball, location: 2F 2-1: Ball 3-1: Base on Balls Brant Sherman to second
|
Batting: RHB Danny Crouch
|
0-0: Called Strike 0-1: Called Strike 0-2: Ball 1-2: Ball 2-2: Strikes out swinging
|
Bottom of the 9th over - 0 run(s), 1 hit(s), 0 error(s), 2 left on base; Wilmington 4 - Springfield 2 |
|